 Dungeon Crawl Stone Soup version 0.29.1-15-g9cfb28693d (webtiles) character file.

Game seed: 13485144898617862896

914 adizb the Trooper (level 7, -3/64 HPs)
             Began as a Black Draconian Fighter on Apr 21, 2023.
             Was a Priest of Trog.
             Slain by a gnoll bouda
             ... wielding a +0 whip
              (11 damage)
             ... on level 5 of the Dungeon.
             The game lasted 00:16:33 (2979 turns).

adizb the Trooper (Black Draconian Fighter)         Turns: 2979, Time: 00:16:34

Health: -3/64      AC:  9    Str: 21    XL:     7   Next: 82%
Magic:  7/7        EV: 12    Int:  6    God:    Trog [***...]
Gold:   278        SH:  4    Dex:  8    Spells: 6/6 levels left

rFire   . . .      SeeInvis +   a - +0 flail
rCold   . . .      Faith    +   b - +0 buckler
rNeg    . . .      Spirit   .   (body armour unavailable)
rPois   .          Reflect  .   (helmet restricted)
rElec   +          Harm     .   (no cloak)
rCorr   .          Rampage  .   (no gloves)
Will    ++...                   A - +2 pair of boots
Stlth   +.........              f - amulet of faith
HPRegen 1.20/turn               y - ring of flight
MPRegen 0.10/turn               (no ring)

@: strong-willed, flying, regenerating
A: breathe lightning, AC +6, unfitting armour, electricity resistance,
cold-blooded, see invisible, clumsy 1, dopey 1
a: Breathe Lightning, Renounce Religion, Berserk, Trog's Hand


You were on level 5 of the Dungeon.
You worshipped Trog.
Trog was most pleased with you.
You visited 1 branch of the dungeon, and saw 5 of its levels.

You collected 278 gold pieces.

Inventory:

Hand Weapons
 a - a +0 flail (weapon)
 r - a +2 whip of freezing
Armour
 b - a +0 buckler (worn)
 A - a +2 pair of boots (worn)
Jewellery
 f - an amulet of faith (around neck)
 t - a ring of ice
 w - an amulet of the acrobat
 y - a ring of flight (left hand)
Wands
 m - a wand of flame (11)
Scrolls
 g - a scroll of poison {unknown}
 j - a scroll of blinking {unknown}
 k - a scroll of noise {unknown}
 l - 4 scrolls of teleportation
 n - a scroll of acquirement {unknown}
 p - a scroll of torment {unknown}
 x - a scroll of enchant weapon {unknown}
 B - 2 scrolls of magic mapping {unknown}
Potions
 c - 2 potions of might
 d - a potion of berserk rage {unknown}
 e - a potion of degeneration {unknown}
 h - a potion of flight {unknown}
 o - a potion of mutation
 q - a potion of magic {unknown}
 s - 2 potions of haste {unknown}
 u - a potion of heal wounds {unknown}
 v - a potion of resistance {unknown}
 z - a potion of lignification {unknown}


   Skills:
 * Level 6.5 Fighting
 * Level 5.4 Maces & Flails
 + Level 4.3 Dodging
 + Level 4.6 Shields


You had 6 spell levels left.
You didn't know any spells.
Your spell library was empty.

Dungeon Overview and Level Annotations

Branches:
Dungeon (5/15)
 Temple: D:4-7

Altars:
Ashenzari
Fedhas
Makhleb
Trog
The Shining One

Annotations:
D:5 1 transporter, QwertyIsDirtey404's ghost, novice MiBe


Innate Abilities, Weirdness & Mutations

You can breathe wild blasts of lightning.
Your glossy black scales are hard. (AC +6)
You cannot fit into any form of body armour.
You are resistant to electric shocks. (rElec)
You are cold-blooded and may be slowed by cold attacks.
You have supernaturally acute eyesight. (SInv)
You are clumsy. (Dex -2)
You are dopey. (Int -2)


Message History

You feel strong-willed.
You feel very sick.
The gnoll hits you from afar with a +2 halberd of venom.
* * * LOW HITPOINT WARNING * * *
You are lethally poisoned!
The gnoll sergeant misses you.
* * * LOW HITPOINT WARNING * * *
You feel very sick.
Items here: $ ) ? [[.
You feel better. You block the gnoll's attack. The gnoll barely misses you.
The gnoll sergeant hits you from afar with a +0 spear.
* * * LOW HITPOINT WARNING * * *
You hit the gnoll.
The gnoll is almost dead.
The gnoll bouda hits you with a +0 whip.
* * * LOW HITPOINT WARNING * * *
The gnoll barely misses you.
The gnoll sergeant hits you but does no damage.
You barely miss the gnoll.
Your tail-slap misses the gnoll.
The gnoll is almost dead.
You have got your breath back.
The gnoll bouda misses you. The gnoll barely misses you.
The gnoll sergeant barely misses you.
You sock the gnoll!
You kill the gnoll!
Trog accepts your kill.
The gnoll bouda barks out a call to the hunt!
The gnolls pick up the pace!
The gnoll sergeant hits you from afar with a +0 spear!
* * * LOW HITPOINT WARNING * * *
The gnoll hits you but does no damage. The gnoll bouda barely misses you.
The gnoll sergeant hits you from afar with a +0 spear.
* * * LOW HITPOINT WARNING * * *
Okay, then.
You feel better. The gnoll barely misses you.
The gnoll zaps a wand.
The puff of flame hits you.
* * * LOW HITPOINT WARNING * * *
The gnoll bouda hits you with a +0 whip!
You die...

≈#..g#.###.©.###.#...#≈≈.........
≈#...###W#####.###...#≈≈..#......
≈###...............###≈≈..#......
≈.8#.##'###g######.#8.≈≈.........
≈.##.#...#.g8#..$#.##.≈≈...#..###
~.#..'.....©⌠#:..'..#.~~.>.#...##
≈.##.#..P#..8#...#.##.≈≈.........
≈.8#.##'###g######.#8.≈≈.........
≈###.......gW.gg@g.###≈≈.........
≈#g..###.#####g###...#≈≈.........
≈#..g#.###.©.###.#...#≈≈†....####
≈#####...........#####≈≈....## #
≈≈≈≈≈≈≈≈≈≈...≈≈≈≈≈≈≈≈≈≈≈...## #
≈≈≈≈≈≈≈≈≈≈...≈≈≈≈≈≈≈≈≈≈≈..##
..........................#
##############............#
########......#


You could see 2 gnoll sergeants, a gnoll bouda, QwertyIsDirtey404's ghost and 3
gnolls.

Vanquished Creatures
  3 ice beasts
  A gnoll sergeant (D:5)
  A necrophage (D:5)
  2 orc priests (D:5)
  3 hounds (D:5)
  An orc wizard (D:3)
  Natasha (thrice) (D:4)
  2 iguanas (D:4)
  7 adders
  5 gnolls
  A white imp (D:5)
  An ufetubus (D:4)
  2 worms (D:4)
  2 dart slugs
  12 orcs
  8 ball pythons
  4 bats
  4 endoplasms
  4 giant cockroaches
  7 goblins
  4 hobgoblins
  6 jackals (D:1)
  5 quokkas
  3 frilled lizards (D:1)
  5 kobolds
  3 rats
99 creatures vanquished.

Vanquished Creatures (others)
  5 plants (D:5)
5 creatures vanquished.

Grand Total: 104 creatures vanquished

Notes
Turn   | Place    | Note
-------+----------+-------------------------------------------
     0 | D:1      | adizb the Draconian Fighter began the quest for the Orb.
     0 | D:1      | Reached XP level 1. HP: 19/19 MP: 1/1
    19 | D:1      | Found a faded altar of an unknown god.
    35 | D:1      | Prayed at the altar of an unknown god.
    35 | D:1      | Became a worshipper of Trog the Wrathful
    35 | D:1      | Reached * piety under Trog
   309 | D:1      | Reached XP level 2. HP: 23/26 MP: 2/2
   955 | D:2      | Reached XP level 3. HP: 13/33 MP: 3/3
   959 | D:2      | Reached ** piety under Trog
  1125 | D:2      | Found a burning altar of Makhleb.
  1299 | D:2      | Reached skill level 4 in Fighting
  1457 | D:3      | Reached XP level 4. HP: 26/40 MP: 4/4
  1517 | D:3      | Found a broken altar of Ashenzari.
  1809 | D:4      | Reached XP level 5. HP: 20/47 MP: 5/5
  1830 | D:4      | Found a burning altar of Makhleb.
  2054 | D:4      | Noticed an ice beast
  2186 | D:4      | Found a glowing golden altar of the Shining One.
  2365 | D:4      | Killed an ice beast
  2366 | D:4      | Reached skill level 5 in Fighting
  2366 | D:4      | Reached XP level 6. HP: 56/56 MP: 6/6
  2373 | D:4      | Gained mutation: You are dopey. (Int -2) [potion of
                  | mutation]
  2373 | D:4      | Gained mutation: You have supernaturally acute eyesight.
                  | (SInv) [potion of mutation]
  2373 | D:4      | Gained mutation: You are clumsy. (Dex -2) [potion of
                  | mutation]
  2382 | D:4      | Noticed Natasha
  2387 | D:4      | Killed Natasha
  2515 | D:4      | Noticed Natasha
  2521 | D:4      | Killed Natasha
  2561 | D:4      | Noticed Natasha
  2567 | D:4      | Killed Natasha
  2577 | D:5      | Entered Level 5 of the Dungeon
  2620 | D:5      | Your scales start taking on a glossy black colour.
  2620 | D:5      | Reached XP level 7. HP: 42/62 MP: 7/7
  2620 | D:5      | Gained mutation: You are resistant to electric shocks.
                  | (rElec) [Black Draconian growth]
  2665 | D:5      | Reached *** piety under Trog
  2705 | D:5      | Reached skill level 6 in Fighting
  2705 | D:5      | Reached skill level 5 in Maces & Flails
  2724 | D:5      | Found a blossoming altar of Fedhas.
  2864 | D:5      | Found a transporter.
  2871 | D:5      | Identified the +1 ring mail "Liwn" {rElec rF+ Stlth-}
  2907 | D:5      | Found a transporter.
  2907 | D:5      | Noticed QwertyIsDirtey404's ghost (novice MiBe)
  2912 | D:5      | Identified the ring of Jyoler {Ice Str-3 Int+6}
  2979 | D:5      | Slain by a gnoll bouda

Illustrated notes

Levels and vault maps discovered:
D:1:      wander_arrival_lonely_grave, layout_basic,
          chequers_ecumenical_altar_island
D:2:      layout_basic, basic_altar
D:3:      layout_basic, pf_just_have_faith
D:4:      minmay_recursive_quarters, layout_rooms, lemuel_doored_altar,
          overflow_temple_1_default, serial_curves, eino_curves_04,
          eino_curves_01, uniq_natasha
D:5:      layout_cave_pools, okawaru_metal_pillars_1_2,
          mainiacjoe_overflow_concentric_impassable,
          gammafunk_ghost_gnarly_gnolls, minmay_misc_feat_x

Skill      XL: |  1  2  3  4  5  6  7 |
---------------+----------------------+-----
Dodging        | 3 4 |  4.3
Fighting       | 4 5 6 |  6.5
Maces & Flails | 3 4 5 |  5.4
Shields        | 4 |  4.6

Action                   |  1- 3 |  4- 6 |  7- 9 || total
-------------------------+-------+-------+-------++-------
Melee: Flail             |   138 |   157 |    38 ||   333
       Tailslap          |    10 |    13 |     2 ||    25
Invok: Trog's Hand       |     1 |     7 |     1 ||     9
       Berserk           |       |     5 |       ||     5
 Abil: Breathe Lightning |       |       |     6 ||     6
Evoke: Wand              |       |     3 |     4 ||     7
  Use: Scroll            |       |     4 |       ||     4
       Potion            |       |     1 |     3 ||     4
 Stab: Sleeping          |     1 |       |       ||     1
       Distracted        |       |     1 |       ||     1
Armor: Skin              |    41 |    42 |    13 ||    96
Dodge: Dodged            |    98 |    97 |    32 ||   227
Block: Buckler           |    44 |    34 |     9 ||    87
